 Dungeon Crawl Stone Soup version 0.31.0-4-g52a2dc7128 (webtiles) character file.

Game seed: 1609136861763628145

3423 Amplified the Protected (level 9, -10/77 HPs)
             Began as an Armataur Air Elementalist on Jan 23, 2024.
             Was a Priest of Makhleb.
             Mangled by Menkaure (13 damage)
             ... on level 7 of the Dungeon.
             The game lasted 00:09:52 (6689 turns).

Amplified the Protected (Armataur Air Elementalist) Turns: 6689, Time: 00:09:52

Health: -10/77     AC: 10    Str: 21    XL:     9   Next: 76%
Magic:  14/14      EV:  9    Int: 16    God:    Makhleb [***...]
Gold:   173        SH:  0    Dex:  9    Spells: 10/11 levels left

rFire   + . .        o - +2 whip (elec)
rCold   + . .        (no shield)
rNeg    + + .        e - +0 ring mail
rPois   +            i - +0 helmet
rElec   +            k - +0 cloak
rCorr   +            (no gloves)
SInv    .            (no barding)
Will    .....        (no amulet)
Stlth   +            h - ring of positive energy
HPRegen 0.32/turn    q - ring of positive energy
MPRegen 0.14/turn

%: roll
@: brilliant, resistant
A: large, deformed body, tough skin 3, armoured tail, roll 2, strong 1
a: Renounce Religion, Minor Destruction, Lesser Servant of Makhleb


You were on level 7 of the Dungeon.
You worshipped Makhleb.
Makhleb was most pleased with you.
You visited 1 branch of the dungeon, and saw 7 of its levels.
You visited the Abyss 1 time.

You collected 173 gold pieces.

Inventory:

Hand Weapons
 c - a +0 sling
 d - a +0 club
 f - a +1 war axe of venom
 o - a +2 whip of electrocution (weapon)
Armour
 e - a +0 ring mail (worn)
 i - a +0 helmet (worn)
 k - a +0 cloak (worn)
Jewellery
 h - a ring of positive energy (left hand)
 q - a ring of positive energy (right hand)
Scrolls
 a - 3 scrolls of fear
 g - a scroll of revelation
 l - 3 scrolls of fog
 m - a scroll of immolation
 p - 2 scrolls of vulnerability
 t - a scroll of brand weapon
 u - a scroll of enchant weapon {unknown}
 v - a scroll of identify
Potions
 b - a potion of magic
 s - 2 potions of enlightenment


   Skills:
 * Level 6.3 Fighting
 - Level 3.2(4.3) Axes
 * Level 4.7(5.3) Maces & Flails
 * Level 8.3 Armour
 - Level 1.3 Dodging
 - Level 2.1 Stealth
 - Level 1.7 Spellcasting
 - Level 0.8 Conjurations
 - Level 2.6 Air Magic
 * Level 6.7 Invocations


You had 10 spell levels left.
You knew the following spells:

 Your Spells              Type           Power      Damage    Failure   Level
a - Shock                 Conj/Air       40%        1d5       16%         1

Your spell library contained the following spells:

 Spells                   Type           Power      Damage    Failure   Level
 Magic Dart               Conj           24%        1d4       22%         1
 Static Discharge         Conj/Air       20%        3-4/arc   24%         2
 Sting                    Conj/Alch      16%        1d4       26%         1
 Mercury Vapours          Alch/Air       16%        N/A       28%         2
 Apportation              Tloc           4%         N/A       32%         1
 Necrotise                Necr           8%         1d4       32%         1
 Summon Small Mammal      Summ           8%         N/A       32%         1
 Swiftness                Air            15%        N/A       32%         3
 Searing Ray              Conj           12%        2d4       34%         2
 Ensorcelled Hibernation  Hex/Ice        4%         N/A       43%         2
 Mephitic Cloud           Conj/Alch/Air  7%         N/A       52%         3
 Frozen Ramparts          Ice            4%         1d1       67%         3
 Fugue of the Fallen      Necr           2%         N/A       67%         3
 Volatile Blastmotes      Fire/Tloc      4%         2d10      67%         3
 Airstrike                Air            7%         2d(2-18)  71%         4
 Fulminant Prism          Conj/Alch      2%         3d5       95%         4
 Iskenderun's Mystic Bla  Conj/Tloc      4%         2d3       95%         4
 Anguish                  Hex/Necr       1%         N/A       97%         4
 Passage of Golubria      Tloc           2%         N/A       97%         4
 Freezing Cloud           Conj/Ice/Air   3%         6-21      99%         5
 Silence                  Hex/Air        4%         N/A       99%         5
 Lehudib's Crystal Spear  Conj/Erth      2%         10d2      100%        8


Dungeon Overview and Level Annotations

Branches:
Dungeon (7/15)             Temple (0/1) D:7

Altars:
Fedhas
Makhleb
Sif Muna
Yredelemnul
Zin
The Shining One

Shops:
D:4 [

Annotations:
D:7 Menkaure


Innate Abilities, Weirdness & Mutations

Armour fits poorly on your strangely shaped body.
You have extremely tough skin. (AC +3)
You have a long armoured tail.
You regenerate magic and health when rolling toward enemies. (Rampage Regen)
Your muscles are strong. (Str +4, Int/Dex -1)


Message History

Unknown command.
You feel better. Menkaure hits you but does no damage.
Unknown command.
You hit Menkaure.
Your tail-slap misses Menkaure.
You punch Menkaure, but do no damage.
Menkaure is lightly damaged.
Menkaure hits you!
You hit Menkaure. You tail-slap Menkaure.
Menkaure is heavily damaged.
Menkaure hits you!
You hit Menkaure.
Menkaure is severely damaged.
Menkaure draws the symbol "Udjat" in the dust.
Menkaure hits you!!
* * * LOW HITPOINT WARNING * * *
It was a potion of resistance.
You feel protected. Menkaure hits you.
* * * LOW HITPOINT WARNING * * *
Unknown command.
Okay, then.
Okay, then.
Press: ? - help, v - describe, . - travel
Here: Menkaure (severely damaged, fast)
An open door.
q - a ring of positive energy (right hand) Menkaure closely misses you.
You hit Menkaure.
Menkaure is severely damaged.
Menkaure barely misses you.
Unknown command.
It was a potion of brilliance.
You feel clever all of a sudden.
Menkaure shouts, "You disturbed my rest!
Die!"
Menkaure hits you.
* * * LOW HITPOINT WARNING * * *
You barely miss Menkaure.
Menkaure is severely damaged.
Menkaure hits you!
You die...

..........#.#
..........#.# ?
............###### ..
..........#......# ...
.....##'###......# #..
######...........# #?..
#......<.....
#..(.######............
#....M@................
#....######............
..... #............
.... #............ ...
############. .. #. .
###. #... #...


You could see Menkaure (fast).

Vanquished Creatures
  Pikel (D:5)
  Prince Ribbit (D:6)
  A steam dragon (D:6)
  Edmund (D:6)
  Duvessa (D:7)
  An ice beast (D:6)
  2 sky beasts
  A black bear (D:5)
  An ogre (D:5)
  2 centaurs
  Blork the orc (D:5)
  2 bullfrogs (D:7)
  A gnoll sergeant (D:7)
  5 scorpions
  Dowan (D:7)
  2 howler monkeys (D:7)
  A bombardier beetle (D:3)
  Crazy Yiuf (D:2)
  4 orc priests
  8 hounds
  4 jellies
  8 iguanas
  6 orc wizards
  2 sleepcaps
  Robin (D:3)
  6 gnolls
  4 adders
  A shadow imp (D:5)
  2 white imps (D:5)
  2 dart slugs
  A ribbon worm (D:5)
  14 orcs
  3 endoplasms
  2 giant cockroaches (D:1)
  14 goblins
  8 hobgoblins
  8 kobolds
  3 quokkas
  5 ball pythons
  5 bats
  A frilled lizard (D:1)
  4 rats
142 creatures vanquished.

Notes
Turn   | Place    | Note
-------+----------+-------------------------------------------
     0 | D:1      | Amplified the Armataur Air Elementalist began the quest for
                  | the Orb.
     0 | D:1      | Reached XP level 1. HP: 14/14 MP: 3/3
   109 | D:1      | Reached skill level 1 in Armour
   132 | D:1      | Reached skill level 1 in Fighting
   132 | D:1      | Reached XP level 2. HP: 18/23 MP: 4/4
   214 | D:1      | Found a faded altar of an unknown god.
   764 | D:1      | Prayed at the altar of an unknown god.
   764 | D:1      | Became a worshipper of Makhleb the Destroyer
   764 | D:1      | Reached * piety under Makhleb
   870 | D:2      | Reached skill level 2 in Armour
   870 | D:2      | Reached XP level 3. HP: 9/28 MP: 3/5
  1104 | D:2      | Found a runed translucent door.
  1105 | D:2      | Noticed Crazy Yiuf
  1809 | D:3      | Reached skill level 1 in Maces & Flails
  1809 | D:3      | Reached skill level 1 in Invocations
  1809 | D:3      | Reached XP level 4. HP: 15/36 MP: 2/6
  1932 | D:3      | Found a glowing golden altar of the Shining One.
  2041 | D:3      | Noticed Robin
  2049 | D:3      | Killed Robin
  2051 | D:3      | Reached ** piety under Makhleb
  2199 | D:3      | Reached skill level 3 in Armour
  2199 | D:3      | Reached XP level 5. HP: 41/41 MP: 7/7
  2234 | D:3      | Reached skill level 1 in Axes
  2247 | D:3      | Found a burning altar of Makhleb.
  2670 | D:4      | Reached XP level 6. HP: 27/50 MP: 6/8
  2817 | D:4      | Got the Anthology of Reshaped Congelation
  2829 | D:4      | Found a shimmering blue altar of Sif Muna.
  3000 | D:2      | Paralysed by Crazy Yiuf for 1 turns
  3003 | D:2      | Killed Crazy Yiuf
  3145 | D:4      | Reached skill level 4 in Armour
  3353 | D:4      | Found Nimoch's Antique Armour Shoppe.
  3550 | D:4      | Found a blossoming altar of Fedhas.
  3821 | D:5      | Entered Level 5 of the Dungeon
  3824 | D:5      | Gained mutation: You regenerate magic and health when
                  | rolling toward enemies. (Rampage Regen) [Armataur growth]
  3824 | D:5      | Reached XP level 7. HP: 57/57 MP: 9/9
  3855 | D:5      | Noticed Pikel
  3871 | D:5      | Killed Pikel
  3872 | D:5      | Reached skill level 5 in Armour
  3872 | D:5      | Reached XP level 8. HP: 52/66 MP: 9/11
  3941 | D:5      | Gained mutation: Your muscles are strong. (Str +4, Int/Dex
                  | -1) [potion of mutation]
  4036 | D:5      | Noticed Blork the orc
  4042 | D:5      | Killed Blork the orc
  4043 | D:5      | Reached skill level 6 in Armour
  4117 | D:5      | Reached *** piety under Makhleb
  4490 | D:5      | Found a basalt altar of Yredelemnul.
  4525 | D:5      | Reached skill level 5 in Invocations
  4717 | D:5      | Reached skill level 5 in Fighting
  4997 | Abyss:2  | Cast into level 2 of the Abyss (orc wizard)
  5027 | D:6      | Escaped the Abyss
  5163 | D:6      | Noticed Edmund
  5194 | D:6      | Killed Edmund
  5195 | D:6      | Reached skill level 7 in Armour
  5195 | D:6      | Reached XP level 9. HP: 57/74 MP: 13/13
  5618 | D:6      | Found a glowing silver altar of Zin.
  5817 | D:6      | Noticed Prince Ribbit
  5829 | D:6      | Killed Prince Ribbit
  6170 | D:7      | Found a staircase to the Ecumenical Temple.
  6252 | D:7      | Reached skill level 8 in Armour
  6485 | D:7      | Noticed Duvessa
  6504 | D:7      | Noticed Dowan
  6508 | D:7      | Killed Duvessa
  6514 | D:7      | Killed Dowan
  6665 | D:7      | Noticed Menkaure
  6688 | D:7      | HP: 3/77 [Menkaure (5)]
  6689 | D:7      | Mangled by Menkaure

Illustrated notes

Levels and vault maps discovered:
D:1:      lemuel_arrival_tunnels, layout_basic, basic_ecumenical_altar,
          amcnicky_mini_rare_corridor_liquid
D:2:      layout_basic, uniq_crazy_yiuf_cottage
D:3:      layout_loops_ring, mainiacjoe_overflow_tiny_flanked,
          lemuel_coloured_pillars_altar, ebering_dispersal_statue_hall,
          uniq_robin
D:4:      layout_loops_ring, nicolae_sif_muna_little_library, fedhas_altar_4,
          serial_shops, shop
D:5:      layout_basic, mainiacjoe_overflow_alcove_1, minmay_starry_boxes,
          uniq_blork_the_orc, uniq_pikel
D:6:      layout_loops_ring, mainiacjoe_overflow_brackets, uniq_prince_ribbit1,
          uniq_edmund
D:7:      layout_basic, minmay_temple_entry_statues_fountains, uniq_menkaure,
          uniq_duvessa

Skill      XL: |  1  2  3  4  5  6  7  8  9 |
---------------+----------------------------+-----
Armour         | 1 2 3 4 5 7 8 |  8.3
Fighting       | 1 2 3 4 5 6 |  6.3
Maces & Flails | 1 3 4 |  4.7
Invocations    | 1 2 3 4 5 6 |  6.7
Axes           | 1 2 3 |  3.2
Dodging        | |  1.3
Stealth        | |  2.1
Spellcasting   | |  1.7
Conjurations   | |  0.8
Air Magic      | |  2.6

Action                     |  1- 3 |  4- 6 |  7- 9 || total
---------------------------+-------+-------+-------++-------
  Melee: Unarmed           |    19 |       |       ||    19
         Tailslap          |    13 |    12 |    38 ||    63
         Club              |   112 |     3 |       ||   115
         Punch             |     2 |     1 |     5 ||     8
         War axe           |       |   113 |     9 ||   122
         Whip              |       |       |   267 ||   267
   Cast: Shock             |    13 |    16 |    37 ||    66
  Evoke: Wand              |       |     3 |    19 ||    22
    Use: Scroll            |     5 |     5 |     5 ||    15
         Potion            |     2 |       |     6 ||     8
   Stab: Distracted        |     1 |       |       ||     1
         Paralysed         |       |     2 |    16 ||    18
         Sleeping          |       |     1 |     1 ||     2
 Armour: Robe              |    30 |       |       ||    30
         Ring mail         |    80 |    98 |   232 ||   410
  Dodge: Dodged            |    70 |    43 |   134 ||   247
